 Dungeon Crawl Stone Soup version 0.22-a0-284-g99d1f74 (webtiles) character file.

2641 braks the Bolt Thrower (level 9, 0/86 HPs)
             Began as a Naga Hunter on Mar 22, 2018.
             Was a Follower of Cheibriados.
             Slain by an orc warrior (17 damage)
             ... in a bailey.
             The game lasted 00:25:41 (10535 turns).

braks the Bolt Thrower (Naga Hunter)               Turns: 10535, Time: 00:25:42

Health: 0/86       AC:  9    Str: 18    XL:     9   Next: 61%
Magic:  19/19      EV:  5    Int: 13    God:    Cheibriados [*.....]
Gold:   280        SH: 17    Dex: 16    Spells: 8/8 levels left

rFire    . . .     SeeInvis +   b - +1 broad axe
rCold    + + .     Gourm    .   j - +0 large shield
rNeg     . . .     Faith    .   B - +3 leather armour
rPois    +         Spirit   .   k - +2 hat
rElec    +         Reflect  .   (no cloak)
rCorr    +         Harm     .   (no gloves)
MR       +....     Clarity  +   (no barding)
Stlth    ++........             (no amulet)
HPRegen  0.24/turn              g - ring of magical power
MPRegen  0.16/turn              x - ring of ice

@: resistant, very slow
A: large, large bone plates 1, see invisible, clarity, deformed body, poison
resistance, slowness 2, slow metabolism 1, spit poison 1, AC +3
a: Spit Poison, Bend Time, Renounce Religion


You were in a bailey.
You worshipped Cheibriados.
Cheibriados was aware of your devotion.
You were not hungry.

You visited 2 branches of the dungeon, and saw 9 of its levels.
You also visited: Bailey.

You collected 388 gold pieces.
You spent 108 gold pieces at shops.

Inventory:

Hand Weapons
 a - a +1 hand crossbow
 b - a +1 broad axe (weapon)
 c - a +4 rapier of venom
 s - a +0 short sword
Missiles
 y - 6 bolts
Armour
 j - a +0 large shield (worn)
 k - a +2 hat (worn)
 p - a cursed +0 leather armour
 B - a +3 leather armour (worn)
Jewellery
 g - a ring of magical power (left hand)
 x - a ring of ice (right hand)
 A - a +3 amulet of reflection {unknown}
Wands
 v - a wand of flame (12)
Scrolls
 e - a scroll of fog
 i - 5 scrolls of remove curse
 l - a scroll of fear
 m - 2 scrolls of teleportation
 o - a scroll of enchant weapon
 t - a scroll of blinking
Potions
 d - a potion of agility
 h - 2 potions of brilliance
 n - 4 potions of curing
 r - a potion of resistance
 u - a potion of might {unknown}
 z - a potion of haste {unknown}
Comestibles
 f - 10 rations
 q - a chunk of flesh


   Skills:
 + Level 7.3 Fighting
 * Level 6.2 Axes
 * Level 7.6 Crossbows
 - Level 1.5 Dodging
 - Level 4.0 Stealth
 + Level 2.3 Shields
 + Level 1.6 Invocations


You had 8 spell levels left.
You didn't know any spells.

Dungeon Overview and Level Annotations

Branches:
Dungeon (8/15)             Temple (1/1) D:7
   Lair: D:8-11

Altars:
Ashenzari
Cheibriados
Dithmenos
Elyvilon
Fedhas
Hepliaklqana
Kikubaaqudgha
Nemelex Xobeh
Okawaru
Qazlal
Ru
Sif Muna
Trog
Uskayaw
Vehumet
Wu Jian
Xom
Yredelemnul
Zin
The Shining One

Shops:
D:6 *

Annotations:
D:5 exclusion: downstairs
D:6 braks's ghost, novice NaWr


Innate Abilities, Weirdness & Mutations

You cannot wear boots.
Your serpentine skin is tough. (AC +3)
You have supernaturally acute eyesight. (SInv)
Armour fits poorly on your strangely shaped body.
Your system is resistant to poisons. (rPois)
You cover ground very slowly.
You have a slow metabolism.
You can spit poison.
You are partially covered in large bone plates. (SH +4)
You possess an exceptional clarity of mind.


Message History

The orc warrior no longer looks unusually strong.
The orc warrior unwields an uncursed arbalest.
You block the orc warrior's attack.
The orc knight roars a battlecry!
The orcs go into a battle-frenzy!
The orc warrior hits you but does no damage.
The orc knight roars a battlecry!
The orcs go into a battle-frenzy!
You hear a shout!
Found a gate leading back out of this place.
You closely miss the orc warrior. You block the orc warrior's attack.
Your shield prevents you from hitting the orc warrior.
You block the orc warrior's attack. The orc warrior hits you!!
* * * LOW HITPOINT WARNING * * *
You feel better. You block the orc warrior's attack.
It was a potion of resistance.
You feel protected.
The orc shouts!
The orc warrior hits you!
You die...

### ##§## ####
#§§§# .....
#§.§#..≈≈≈.
.§§§@..≈≈o≈≈
oo≈.....o.≈oo.≈
≈o≈≈.......≈≈o≈≈
≈≈≈..#...#..≈≈≈.
....##...##.....
#### ##∩## #####
##


You could see 3 orc knights, 3 orc warriors and 2 orcs.

Vanquished Creatures
  Prince Ribbit (D:5)
  Eustachio (D:4)
  A wyvern (D:8)
  An orc warrior (Bailey)
  An ogre (D:4)
  2 centaurs
  3 phantoms
  3 bullfrogs (D:6)
  A scorpion (D:6)
  3 killer bees (D:7)
  3 howler monkeys
  2 centaur zombies (D:6)
  2 crimson imps
  2 bullfrog zombies
  3 hounds (D:4)
  7 orc wizards
  2 orc priests
  Jessica (D:3)
  A bullfrog skeleton (D:5)
  2 iguanas (D:5)
  6 worker ants
  A hound zombie (D:7)
  2 hound skeletons
  A howler monkey skeleton (D:7)
  A howler monkey zombie (D:6)
  3 gnolls (D:2)
  12 adders
  A shadow imp (D:7)
  An ooze (D:1)
  An adder zombie (D:5)
  2 worms
  A dart slug (D:1)
  13 orcs
  14 bats
  2 giant cockroaches
  5 goblins
  3 hobgoblins
  10 jackals
  9 kobolds
  3 quokkas
  A ball python (D:1)
  4 frilled lizards
  A jackal zombie (D:6)
  2 leopard gecko skeletons (D:4)
  4 rats (D:2)
145 creatures vanquished.

Notes
Turn   | Place    | Note
-------+----------+-------------------------------------------
     0 | D:1      | braks the Naga Hunter began the quest for the Orb.
     0 | D:1      | Reached XP level 1. HP: 19/19 MP: 1/1
   245 | D:1      | Reached XP level 2. HP: 27/27 MP: 2/2
   872 | D:1      | Reached XP level 3. HP: 30/34 MP: 3/3
   941 | D:1      | You fall through a shaft!
  1402 | D:2      | Gained mutation: You possess an exceptional clarity of mind. [potion of mutation]
  1402 | D:2      | Lost mutation: You possess an exceptional clarity of mind. [potion of mutation]
  1402 | D:2      | Gained mutation: You possess an exceptional clarity of mind. [potion of mutation]
  1402 | D:2      | Gained mutation: You are partially covered in large bone plates. (SH +4) [potion of mutation]
  1405 | D:2      | Reached XP level 4. HP: 5/44 MP: 4/4
  2927 | D:3      | Noticed Jessica
  2943 | D:3      | Killed Jessica
  2943 | D:3      | Reached XP level 5. HP: 12/50 MP: 5/5
  3953 | D:4      | Found a radiant altar of Vehumet.
  4158 | D:4      | Reached XP level 6. HP: 37/58 MP: 6/6
  4742 | D:4      | Reached skill level 5 in Crossbows
  4752 | D:4      | Reached skill level 5 in Fighting
  4752 | D:4      | Reached skill level 1 in Axes
  5236 | D:4      | Reached XP level 7. HP: 41/67 MP: 7/7
  5374 | D:4      | Noticed Eustachio
  5402 | D:4      | Killed Eustachio
  5781 | D:5      | Entered Level 5 of the Dungeon
  5975 | D:5      | Noticed Prince Ribbit
  5999 | D:5      | Killed Prince Ribbit
  5999 | D:5      | Reached XP level 8. HP: 23/76 MP: 8/8
  6420 | D:5      | Found a stormy altar of Qazlal.
  7247 | D:6      | Noticed braks's ghost (novice NaWr)
  8239 | D:6      | Found Ypyett's Assorted Antiques.
  8265 | D:6      | Bought a large shield for 108 gold pieces
  9044 | D:6      | Reached skill level 1 in Shields
  9053 | D:6      | Reached skill level 5 in Axes
  9296 | D:6      | Reached XP level 9. HP: 74/85 MP: 9/9
  9545 | D:7      | Found a shadowy altar of Dithmenos.
  9624 | D:7      | Found a staircase to the Ecumenical Temple.
  9650 | Temple   | Entered the Ecumenical Temple
  9767 | Temple   | Became a worshipper of Cheibriados the Contemplative
  9826 | D:7      | Found a shattered altar of Ashenzari.
 10080 | D:7      | Found a hazy altar of Hepliaklqana.
 10230 | D:7      | Reached * piety under Cheibriados
 10288 | D:8      | Reached skill level 1 in Invocations
 10409 | D:8      | Found a blossoming altar of Fedhas.
 10506 | D:8      | Found a flagged portal.
 10516 | Bailey   | Entered a bailey
 10516 | Bailey   | Noticed an orc knight
 10523 | Bailey   | Noticed an orc knight
 10524 | Bailey   | Noticed an orc knight
 10535 | Bailey   | Slain by an orc warrior

Vault maps used:
D:1:      erik_arrival_blinker_ship
D:2:      first_ration
D:3:      uniq_jessica
D:4:      hangedman_decor_riveting, vehumet_altar_wand_db, uniq_eustachio
D:5:      old_standard_altar, uniq_prince_ribbit1
D:6:      serial_shops, nicolae_shop_temple_entry_statues_fountains,
          serial_corexii_hall, corexii_hall_statues_l, corexii_hall_statues_x,
          corexii_hall_statues_s, corexii_hall_statues_x
D:7:      grunt_dithmenos_smoke, marbit_many_paths,
          nicolae_overflow_crystal_walls, minmay_temple_entry_poolview
D:8:      lemuel_round_altar, serial_glass, glass_columns_b, glass_columns_a,
          glass_columns_b, glass_columns_c, glass_columns_a, glass_columns_c,
          enter_bailey_2, uniq_grum, uniq_joseph, uniq_psyche
Temple:   regret_index_temple_waves
Bailey:   bailey_polearm_4, bailey

Skill      XL: |  1  2  3  4  5  6  7  8  9 |
---------------+----------------------------+-----
Fighting       | 3 4 5 6 7 |  7.3
Crossbows      | 4 5 6 7 |  7.6
Stealth        | 2 3 4 |  4.0
Axes           | 1 3 5 6 |  6.2
Shields        | 1 2 |  2.3
Invocations    | 1 |  1.6
Dodging        | |  1.5

Action                   |  1- 3 |  4- 6 |  7- 9 || total
-------------------------+-------+-------+-------++-------
Melee: Short sword       |    55 |    69 |       ||   124
       Broad axe         |       |    65 |   275 ||   340
       Rapier            |       |       |    14 ||    14
 Fire: Hand crossbow     |    36 |    38 |    30 ||   104
 Abil: Spit Poison       |     4 |    17 |    16 ||    37
Evoke: Wand              |       |       |     6 ||     6
  Use: Scroll            |     2 |     8 |     9 ||    19
       Potion            |     3 |     2 |     8 ||    13
 Stab: Sleeping          |     1 |     1 |     5 ||     7
       Invisible         |       |       |     5 ||     5
  Eat: Chunk             |       |     7 |    15 ||    22
       Ration            |       |     1 |       ||     1
Armor: Leather armour    |    35 |    65 |    41 ||   141
       Robe              |       |     1 |    75 ||    76
Dodge: Dodged            |    61 |   100 |   117 ||   278
Block: Other             |       |    46 |    29 ||    75
       Large shield      |       |       |   245 ||   245

Table legend:
 A = Spawn XP
 B = Non-spawn XP
 C = Spawn XP percentage of total XP
 D = Spawn monster count
 E = Non-spawn monster count
 F = Spawn count percentage of total count
 G = Total turns spent on level
                    A         B        C        D         E        F      G
               +---------+---------+-------+---------+---------+-------+---------
         Total |       0 |    3774 |   0.0 |       0 |     145 |   0.0 | 10535
               +---------+---------+-------+---------+---------+-------+---------
           D:1 |       0 |      36 |   0.0 |       0 |      19 |   0.0 |   941
           D:2 |       0 |      87 |   0.0 |       0 |      22 |   0.0 |  1632
           D:3 |       0 |      87 |   0.0 |       0 |      16 |   0.0 |  1210
           D:4 |       0 |     774 |   0.0 |       0 |      22 |   0.0 |  1998
           D:5 |       0 |     610 |   0.0 |       0 |      11 |   0.0 |  2350
           D:6 |       0 |     820 |   0.0 |       0 |      20 |   0.0 |  1193
           D:7 |       0 |     851 |   0.0 |       0 |      27 |   0.0 |   810
           D:8 |       0 |     373 |   0.0 |       0 |       6 |   0.0 |   248
        Bailey |       0 |     136 |   0.0 |       0 |       2 |   0.0 |    19
               +---------+---------+-------+---------+---------+-------+---------
